 Dungeon Crawl Stone Soup version 0.28-a0-268-g3f656e82c2 (webtiles) character file.

Game seed: 5710950036129375426

8731 Malachi the Cleaver (level 11, -9/95 HPs)
             Began as a Yellow Draconian Berserker on Aug 28, 2021.
             Was an Elder of Trog.
             Mangled by a death yak (13 damage)
             ... on level 9 of the Dungeon.
             The game lasted 00:15:04 (11211 turns).

Malachi the Cleaver (Yellow Draconian Berserker)   Turns: 11211, Time: 00:15:04

Health: -9/95      AC: 11    Str: 23    XL:     11   Next: 13%
Magic:  11/11      EV: 20    Int:  8    God:    Trog [****..]
Gold:   389        SH:  0    Dex: 16    Spells: 10/10 levels left

rFire   . . .      SeeInvis .   b - +4 hand axe
rCold   . . .      Faith    +   (no shield)
rNeg    . . .      Spirit   .   (armour unavailable)
rPois   .          Reflect  .   (helmet restricted)
rElec   .          Harm     .   j - +2 cloak
rCorr   +          Rampage  .   c - +0 pair of gloves
Will    ++...      Clarity  +   (no boots)
Stlth   +++.......              o - amulet of faith
HPRegen 1.25/turn               u - +6 ring of dexterity
MPRegen 0.12/turn               B - +4 ring of evasion

@: strong-willed, on berserk cooldown, regenerating, slowed, very slow
A: spit acid, AC +7, unfitting armour, cold-blooded, acid resistance, hooves 1,
clarity
a: Breathe Acid, Renounce Religion, Berserk, Trog's Hand, Brothers in Arms


You were on level 9 of the Dungeon.
You worshipped Trog.
Trog was greatly pleased with you.
You visited 1 branch of the dungeon, and saw 9 of its levels.
You also visited: Ossuary.

You collected 389 gold pieces.

Inventory:

Hand Weapons
 b - a +4 hand axe (weapon)
 f - a +0 hunting sling
 n - a +2 dagger of venom
 r - a +3 vorpal flail
 H - a +0 war axe
Missiles
 d - 105 stones
 m - 13 boomerangs
 C - a throwing net
Armour
 c - a +0 pair of gloves (worn)
 j - a +2 cloak (worn)
 s - a +1 cloak of preservation
Jewellery
 e - a ring of positive energy
 o - an amulet of faith (around neck)
 u - a +6 ring of dexterity (left hand)
 w - an amulet of reflection
 y - an amulet of magic regeneration
 B - a +4 ring of evasion (right hand)
 I - a +6 ring of intelligence
Wands
 a - a wand of polymorph (33)
 k - a wand of flame (42)
 x - a wand of iceblast (6)
Scrolls
 g - a scroll of torment
 h - 2 scrolls of magic mapping
 q - a scroll of holy word
 D - a scroll of teleportation
 F - a scroll of identify
 G - a scroll of enchant weapon
Potions
 i - 2 potions of brilliance
 l - a potion of flight
 p - a potion of magic
 t - 2 potions of heal wounds
 v - 2 potions of curing
 z - a potion of haste
 A - a potion of lignification {unknown}
 E - a potion of might


   Skills:
 + Level 8.9 Fighting
 + Level 12.4 Axes
 + Level 7.8 Dodging
 + Level 5.1 Stealth
 + Level 1.0 Unarmed Combat


You had 10 spell levels left.
You didn't know any spells.
Your spell library contained the following spells:

 Spells                   Type           Power      Damage    Failure   Level
 Dispersal                Tloc           0%         N/A       100%        6
 Disjunction              Tloc           0%         N/A       100%        8


Dungeon Overview and Level Annotations

Branches:
Dungeon (9/15)             Temple (0/1) D:6         Ossuary (visited)
   Lair: D:8-11         Orc: D:9-12

Altars:
Dithmenos
Elyvilon
Fedhas
Gozag
Makhleb
Qazlal
Xom
Yredelemnul

Shops:
D:8 (   D:9 *


Innate Abilities, Weirdness & Mutations

You can spit globs of acid.
Your golden yellow scales are hard. (AC +7)
You cannot fit into any form of body armour.
You are cold-blooded and may be slowed by cold attacks.
You are resistant to acid. (rCorr)
You have large cloven feet.
You possess an exceptional clarity of mind.


Message History

The death yak snorts and paws the ground.
Your ogre goes berserk!
The yak gores you!
* * * LOW HITPOINT WARNING * * *
Your skin crawls.
You feel strong-willed. Trog will no longer gift you weapons.
The yak barely misses you. The death yak barely misses you.
Your ogre hits the death yak with a +0 giant spiked club!!
The death yak gores your ogre!!
Your ogre barely misses the death yak.
Your ogre hits the death yak with a +0 giant spiked club!!!
The death yak gores your ogre!!
Your ogre dies!
Your ogre's corpse disappears in a puff of smoke!
Your ogre goes berserk!
The death yak gores you!!
* * * LOW HITPOINT WARNING * * *
The death yak completely misses you.
The death yak snorts and paws the ground.
The death yak gores you but does no damage.
The yak misses you. What are your orders? t - Shout!
Orders for allies: a - Attack new target. r - Retreat! s - Stop attacking. g - Guard the area. f - Follow me.
Anything else - Cancel.
Gang up on whom?
Press: ? - help, Dir - move target, f - death yak
Aim: a death yak (almost dead, ally target) Attack!
The death yak gores you but does no damage.
The death yak misses you. The yak completely misses you.
The death yak gores you!
* * * LOW HITPOINT WARNING * * *
The death yak gores you but does no damage.
The yak closely misses you. The death yak completely misses you.
The death yak gores you!
You die...

.Y.#.#.......# #.##.#.###.#.#
#.##.#.#...).#
#####.##.#.#.#.).#
#.[......))#.###.#
#.....)))).#.###)########
#.......Y).#.#..)).......
###########..YYY.#.#.#.#######.
#...........##@#...#.#.#######
#.##########..O....#.#.......#
#.# #....##.#.#######.# #.#
#....+..#<........# ###.#
#....############## .##.#
#....# .'..# #....# .#..#
#....# ###.# ######


You could see 2 death yaks, 2 yaks and a friendly ogre (summoned, berserk).

Vanquished Creatures
  A boulder beetle (D:7)
  A death yak (D:9)
  A two-headed ogre (D:6)
  Pikel (D:8)
  2 cyclopes (D:6)
  Maurice (D:8)
  Maggie (D:6)
  A troll (D:6)
  A wraith (D:7)
  A yak (D:9)
  Eustachio (D:4)
  4 steam dragons
  Edmund (D:5)
  2 water moccasins
  A black bear (D:5)
  A sky beast (D:8)
  5 ogres
  3 centaurs
  A kobold brigand (D:8)
  3 bullfrogs
  A gnoll sergeant (D:9)
  A wyvern zombie (D:7)
  3 scorpions
  3 jellies
  14 wights
  4 electric eels (D:6)
  A bullfrog zombie (D:6)
  5 centaur zombies
  2 centaur skeletons
  A gnoll shaman (D:5)
  A human zombie (D:4)
  8 orc priests
  3 hounds
  A bullfrog skeleton (D:6)
  Crazy Yiuf (D:2)
  Jessica (D:3)
  Natasha (thrice) (D:2)
  3 iguanas
  6 orc wizards
  A killer bee zombie (D:6)
  4 mummies (Ossuary)
  Robin (D:2)
  12 gnolls
  7 adders
  An adder skeleton (D:4)
  2 worms (D:2)
  20 orcs
  5 ball pythons
  4 bats
  9 endoplasms
  3 giant cockroaches
  10 goblins
  6 hobgoblins
  6 quokkas
  3 training dummies (D:8)
  3 frilled lizards (D:1)
  A hobgoblin zombie (Ossuary)
  10 kobolds
  7 rats
210 creatures vanquished.

Vanquished Creatures (others)
  An orc wizard (D:4)
  A fungus (D:3)
  24 plants
26 creatures vanquished.

Grand Total: 236 creatures vanquished

Notes
Turn   | Place    | Note
-------+----------+-------------------------------------------
     0 | D:1      | Malachi the Draconian Berserker began the quest for the
                  | Orb.
     0 | D:1      | Reached XP level 1. HP: 19/19 MP: 1/1
   245 | D:1      | Reached XP level 2. HP: 26/26 MP: 2/2
   856 | D:2      | Reached XP level 3. HP: 33/33 MP: 3/3
  1097 | D:2      | Found a runed translucent door.
  1098 | D:2      | Noticed Crazy Yiuf
  1161 | D:2      | Noticed Robin
  1173 | D:2      | Killed Robin
  1177 | D:2      | Reached ** piety under Trog
  1478 | D:2      | Noticed Natasha
  1482 | D:2      | Reached XP level 4. HP: 40/40 MP: 4/4
  1485 | D:2      | Killed Natasha
  1491 | D:2      | Reached skill level 4 in Axes
  1696 | D:2      | Noticed Natasha
  1703 | D:2      | Killed Natasha
  1944 | D:2      | Killed Crazy Yiuf
  1945 | D:2      | Reached XP level 5. HP: 46/46 MP: 5/5
  2066 | D:2      | Noticed Natasha
  2073 | D:2      | Killed Natasha
  2074 | D:2      | Reached skill level 1 in Stealth
  2503 | D:3      | Found a faded altar of an unknown god.
  2570 | D:3      | Noticed Jessica
  2583 | D:3      | Killed Jessica
  2584 | D:3      | Reached skill level 5 in Axes
  2887 | D:3      | Reached XP level 6. HP: 53/53 MP: 6/6
  3187 | D:3      | Found an opulent altar of Gozag.
  3339 | D:4      | Found a sand-covered staircase.
  3375 | Ossuary  | Entered an ossuary
  3384 | Ossuary  | Reached *** piety under Trog
  3530 | Ossuary  | Reached skill level 6 in Axes
  3537 | Ossuary  | Your scales start taking on a golden yellow colour.
  3537 | Ossuary  | Reached XP level 7. HP: 57/60 MP: 7/7
  3537 | Ossuary  | Gained mutation: You are resistant to acid. (rCorr) [Yellow
                  | Draconian growth]
  3555 | Ossuary  | Reached skill level 5 in Fighting
  3616 | D:4      | Noticed Eustachio
  3629 | D:4      | Killed Eustachio
  3795 | D:4      | Noticed a steam dragon
  3810 | D:4      | Killed a steam dragon
  3811 | D:4      | Reached skill level 7 in Axes
  3818 | D:4      | HP: 1/61 [ogre (17)]
  4901 | D:4      | Reached XP level 8. HP: 69/69 MP: 8/8
  5256 | D:5      | Entered Level 5 of the Dungeon
  5598 | D:5      | Reached skill level 8 in Axes
  5779 | D:5      | Found a white marble altar of Elyvilon.
  5863 | D:5      | Reached skill level 5 in Dodging
  5866 | D:5      | Reached **** piety under Trog
  6372 | D:5      | Noticed Edmund
  6418 | D:5      | Killed Edmund
  6419 | D:5      | Reached skill level 9 in Axes
  6807 | D:6      | Noticed Maggie
  6817 | D:6      | Killed Maggie
  6818 | D:6      | Reached XP level 9. HP: 78/78 MP: 9/9
  7019 | D:6      | Found a burning altar of Makhleb.
  7020 | D:6      | Found a shimmering altar of Xom.
  7023 | D:6      | Found a basalt altar of Yredelemnul.
  7207 | D:6      | Found a staircase to the Ecumenical Temple.
  7468 | D:6      | Noticed a troll
  7484 | D:6      | Killed a troll
  7485 | D:6      | Reached skill level 1 in Unarmed Combat
  7595 | D:6      | Noticed a cyclops
  7975 | D:6      | Reached skill level 10 in Axes
  8147 | D:6      | Noticed a cyclops
  8156 | D:6      | Killed a cyclops
  8610 | D:6      | Found a shadowy altar of Dithmenos.
  8611 | D:6      | Found a blossoming altar of Fedhas.
  8674 | D:6      | Killed a cyclops
  8675 | D:6      | Reached XP level 10. HP: 88/88 MP: 10/10
  8758 | D:6      | Noticed a two-headed ogre
  8767 | D:6      | Killed a two-headed ogre
  9023 | D:7      | Reached skill level 11 in Axes
  9124 | D:7      | Gained mutation: You are covered in fur. (AC +1) [potion of
                  | mutation]
  9124 | D:7      | Gained mutation: You are agile. (Dex +2) [potion of
                  | mutation]
  9125 | D:7      | Lost mutation: You are agile. (Dex +2) [potion of mutation]
  9125 | D:7      | Lost mutation: You are covered in fur. (AC +1) [potion of
                  | mutation]
  9125 | D:7      | Gained mutation: You have large cloven feet. [potion of
                  | mutation]
  9125 | D:7      | Gained mutation: You are clumsy. (Dex -2) [potion of
                  | mutation]
  9125 | D:7      | Gained mutation: Your system is resistant to poisons.
                  | (rPois) [potion of mutation]
  9125 | D:7      | Gained mutation: You are strong-willed. (Will+) [potion of
                  | mutation]
  9126 | D:7      | Lost mutation: Your system is resistant to poisons. (rPois)
                  | [potion of mutation]
  9126 | D:7      | Lost mutation: You are clumsy. (Dex -2) [potion of
                  | mutation]
  9126 | D:7      | Lost mutation: You are strong-willed. (Will+) [potion of
                  | mutation]
  9126 | D:7      | Gained mutation: You possess an exceptional clarity of
                  | mind. [potion of mutation]
  9138 | D:7      | Noticed a boulder beetle
  9149 | D:7      | Killed a boulder beetle
  9943 | D:8      | Noticed Maurice
  9948 | D:8      | Killed Maurice
 10198 | D:8      | Found Rept's Firing Range.
 10320 | D:8      | Noticed Pikel
 10334 | D:8      | Killed Pikel
 10335 | D:8      | Reached skill level 12 in Axes
 10736 | D:9      | Found a stormy altar of Qazlal.
 10784 | D:9      | Found Astrit's Serpentskin Sales.
 10827 | D:9      | Reached XP level 11. HP: 95/95 MP: 11/11
 10987 | D:9      | Reached ***** piety under Trog
 10994 | D:9      | Reached skill level 5 in Stealth
 11178 | D:9      | Noticed a death yak
 11181 | D:9      | Noticed a death yak
 11181 | D:9      | Noticed a death yak
 11194 | D:9      | Killed a death yak
 11210 | D:9      | HP: 2/95 [death yak (9)]
 11211 | D:9      | Mangled by a death yak

Illustrated notes

Levels and vault maps discovered:
D:1:      minmay_arrival_four_houses, layout_basic
D:2:      layout_loops_ring, uniq_natasha, uniq_robin, uniq_crazy_yiuf_cottage
D:3:      layout_rooms, mainiacjoe_overflow_alcove_4,
          shapermc_ecumenical_altar_mp_ritualfount, kennysheep_flooded_box,
          uniq_jessica
D:4:      layout_rooms, enter_ossuary_3, uniq_eustachio
D:5:      layout_basic, elyvilon_altar_3, hangedman_abyss_or_decor_passed,
          minivault_1, uniq_edmund
D:6:      minmay_chambers_of_sixes, layout_basic, grunt_temple_overflow_open,
          gammafunk_temple_overflow_pools, minmay_temple_entry_grid,
          minmay_misc_feat_tower, st_stairs_13, serial_bayou_lagoon_b,
          uniq_maggie
D:7:      layout_loops_ring
D:8:      layout_rooms, nicolae_shop_firing_range, uniq_pikel, uniq_maurice
D:9:      layout_basic, general_overflow_altar, dpeg_lair_monsters,
          grunt_decor_fettered, guppyfry_shop_venom

Skill      XL: |  1  2  3  4  5  6  7  8  9 10 11 |
---------------+----------------------------------+-----
Dodging        | 3 4 5 6 7 |  7.8
Fighting       | 4 5 6 7 8 |  8.9
Axes           | 4 5 6 7 9 10 12 | 12.4
Stealth        | 1 2 3 4 5 |  5.1
Unarmed Combat | 1 |  1.0

Action                   |  1- 3 |  4- 6 |  7- 9 | 10-12 || total
-------------------------+-------+-------+-------+-------++-------
Melee: Hand axe          |   105 |   111 |   267 |   175 ||   658
       Tailslap          |     9 |    20 |    43 |    33 ||   105
       Unarmed           |       |       |     4 |       ||     4
       Punch             |       |       |     1 |       ||     1
       Kick              |       |       |       |    60 ||    60
Invok: Berserk           |     1 |     8 |    17 |     7 ||    33
       Brothers in Arms  |       |       |       |     2 ||     2
       Trog's Hand       |       |       |       |     1 ||     1
 Abil: Breathe Acid      |       |       |     8 |     1 ||     9
  Use: Scroll            |       |     2 |     5 |     6 ||    13
       Potion            |       |       |     9 |     3 ||    12
 Stab: Sleeping          |       |     1 |     2 |     4 ||     7
       Confused          |       |       |     1 |       ||     1
Armor: Skin              |    37 |    50 |    99 |    20 ||   206
Dodge: Dodged            |    73 |    90 |   156 |   100 ||   419

Table legend: (Time is in decaauts)
 A = Elapsed time spent in this place.
 B = Non-inter-level travel time spent in this place.
 C = Inter-level travel time spent in this place.
 D = Time resting spent in this place.
 E = Time spent auto-exploring this place.
 F = Levels seen in this place.
 G = Mean time per level.
                   A        B        C        D        E       F      G
               +--------+--------+--------+--------+--------+-----+--------+
         Total |  11412 |  10998 |    414 |   3980 |   5378 |  10 | 1141.2 |
       Dungeon |  11184 |  10770 |    414 |   3865 |   5372 |   9 | 1242.7 |
       Ossuary |    228 |    228 |      0 |    115 |      6 |   1 |  228.0 |
               +--------+--------+--------+--------+--------+-----+--------+

Top non-repeatable levels by time:
     D:6: 2267 daAuts
     D:3: 1958 daAuts
     D:5: 1571 daAuts
     D:2: 1327 daAuts
     D:4: 986 daAuts
     D:7: 948 daAuts
     D:1: 863 daAuts
     D:8: 795 daAuts
     D:9: 465 daAuts
 Ossuary: 228 daAuts
